 Dungeon Crawl Stone Soup version 0.23.0 (webtiles) character file.

Game seed: 4599545529149696935

170 Acheron the Poker (level 5, -8/41 HPs)
             Began as a Merfolk Gladiator on Feb 18, 2019.
             Killed by divine providence
             ... invoked by an orc priest
              (14 damage)
             ... on level 4 of the Dungeon.
             The game lasted 00:15:21 (2499 turns).

Acheron the Poker (Merfolk Gladiator)               Turns: 2499, Time: 00:15:22

Health: -8/41      AC: 10    Str: 14    XL:     5   Next: 51%
Magic:  5/5        EV: 12    Int:  8    God:
Gold:   98         SH:  0    Dex: 16    Spells: 4/4 levels left

rFire    . . .     SeeInvis .   a - +1 trident
rCold    . . .     Gourm    .   (no shield)
rNeg     . . .     Faith    .   u - +2 scale mail {MR+}
rPois    .         Spirit   .   c - +0 helmet
rElec    .         Reflect  .   o - +0 cloak
rCorr    .         Harm     .   (no gloves)
MR       +....                  (no boots)
Stlth    +.........             (no amulet)
HPRegen  0.13/turn              (no ring)
MPRegen  0.09/turn              (no ring)

@: no status effects
A: change form in water, swift swim, stealthy swim
a: no special abilities


You were on level 4 of the Dungeon.
You were not hungry.

You visited 1 branch of the dungeon, and saw 4 of its levels.

You collected 98 gold pieces.

Inventory:

Hand Weapons
 a - a +1 trident (weapon)
 e - a +0 dagger
 l - a +2 antimagic whip
Missiles
 d - 4 throwing nets (quivered)
 h - 25 poisoned needles
 k - 81 stones
 s - 51 sling bullets
Armour
 b - a +0 leather armour
 c - a +0 helmet (worn)
 o - a +0 cloak (worn)
 u - a +2 scale mail of magic resistance (worn)
Scrolls
 j - a scroll of remove curse
 y - a scroll of enchant weapon
Potions
 g - 5 potions of curing
 i - 3 potions of ambrosia
 n - 3 potions of cancellation
 t - a potion of degeneration {unknown}
 w - a potion of mutation {unknown}
 x - a potion of agility {unknown}
Comestibles
 f - 3 rations
 r - a chunk of flesh


   Skills:
 + Level 3.0 Fighting
 + Level 6.5 Polearms
 + Level 2.0 Throwing
 * Level 0.9 Armour
 + Level 4.8 Dodging
 * Level 2.3 Stealth


You had 4 spell levels left.
You didn't know any spells.
Your spell library was empty.

Dungeon Overview and Level Annotations

Branches:
Dungeon (4/15)
 Temple: D:4-7

Altars:
Okawaru

Annotations:
D:4 1 runed translucent door, Blork the orc, Crazy Yiuf


Message History

You hit the howler monkey.
The howler monkey is almost dead.
The howler monkey misses you.
The orc priest casts a cantrip, but nothing happens.
The orc priest calls down the wrath of Beogh upon you.
You resist with some effort.
The howler monkey hoots and howls with incredible vigour!
The orc priest calls down the wrath of Beogh upon you.
Beogh smites you!
The orc priest begins to cast a cantrip, but forgets the words!
The orc closely misses you.
The orc priest mumbles some strange prayers to Beogh against you.
Beogh smites you!
* * * LOW HITPOINT WARNING * * *
The howler monkey hoots and howls with incredible vigour!
There is a stone staircase leading down here.
The orc hits you but does no damage.
The orc priest invokes the aid of Beogh against you.
Beogh smites you!
You die...

#.♣.♣.♣.♣..######.#####
#...._.....# ##...##
#.♣.♣.♣$♣..# #.....#
#..........# ##...##
#.#.♣.♣o#..# ##.##
#......h...# #.#
#..#o#.#### #.#
#.##.oo# ##'## #. ##@.#
##...## #......#
##.....## #####..#
##.....[.## #...
#.........# .....
+.........+ ....##
#..<......# ##.##
##.......## ##
##.....## ##...##


You could see a howler monkey, 3 orc priests and an orc.

Vanquished Creatures
  A bullfrog (D:4)
  Terence (D:2)
  An adder (D:4)
  2 oozes
  2 worms (D:3)
  A dart slug (D:1)
  2 leopard geckos
  An orc (D:3)
  5 bats
  3 giant cockroaches
  13 goblins
  2 hobgoblins
  2 jackals (D:2)
  A ball python (D:4)
  6 frilled lizards
  7 kobolds
  A quokka skeleton (D:4)
  7 rats
58 creatures vanquished.

Notes
Turn   | Place    | Note
-------+----------+-------------------------------------------
     0 | D:1      | Acheron the Merfolk Gladiator began the quest for the Orb.
     0 | D:1      | Reached XP level 1. HP: 16/16 MP: 1/1
   184 | D:1      | Reached XP level 2. HP: 23/23 MP: 2/2
   663 | D:1      | Reached skill level 5 in Polearms
   779 | D:1      | Reached XP level 3. HP: 28/28 MP: 3/3
   924 | D:3      | Reached skill level 1 in Stealth
  1109 | D:2      | Noticed Terence
  1218 | D:2      | Killed Terence
  1218 | D:2      | Reached XP level 4. HP: 12/34 MP: 4/4
  1745 | D:3      | Reached skill level 6 in Polearms
  2146 | D:4      | Noticed a bullfrog
  2151 | D:4      | Killed a bullfrog
  2151 | D:4      | Reached XP level 5. HP: 32/41 MP: 5/5
  2243 | D:4      | Found a runed translucent door.
  2244 | D:4      | Noticed Crazy Yiuf
  2486 | D:4      | Noticed Blork the orc
  2486 | D:4      | Found an iron altar of Okawaru.
  2499 | D:4      | Killed from afar by an orc priest

Skill      XL: |  1  2  3  4 |
---------------+-------------+-----
Polearms       | 5 6 |  6.5
Stealth        | 1 2 |  2.3
Fighting       | 3 |  3.0
Throwing       | |  2.0
Armour         | |  0.9
Dodging        | |  4.8

Action                   |  1- 3 |  4- 6 || total
-------------------------+-------+-------++-------
Melee: Trident           |   118 |   102 ||   220
  Use: Scroll            |     1 |     9 ||    10
       Potion            |     1 |       ||     1
 Stab: Sleeping          |     4 |       ||     4
       Distracted        |       |     1 ||     1
  Eat: Chunk             |     1 |     4 ||     5
Armor: Leather armour    |    22 |    25 ||    47
       Scale mail        |       |     9 ||     9
Dodge: Dodged            |    70 |    83 ||   153
